 Dungeon Crawl Stone Soup version 0.21-a0-426-g98080a9 (webtiles) character file.

2253 grizmgrazm2 the Chopper (level 9, -9/74 HPs)
             Began as a Ghoul Gladiator on Nov 5, 2017.
             Was an Elder of Yredelemnul.
             Mangled by a two-headed ogre
             ... wielding a +0 giant spiked club
              (19 damage)
             ... on level 7 of the Dungeon.
             The game lasted 00:26:04 (6530 turns).

grizmgrazm2 the Chopper (Ghoul Gladiator)           Turns: 6530, Time: 00:26:05

Health: -9/74      AC: 16    Str: 20    XL:     9   Next: 37%
Magic:  12/12      EV:  7    Int:  4    God:    Yredelemnul [****..]
Gold:   336        SH:  0    Dex: 10    Spells: 8/8 levels left

rFire    . . .     SeeInvis .   B - +2 battleaxe (chop)
rCold    + . .     Gourm    .   (shield currently unavailable)
rNeg     + + +     Faith    +   x - +1 plate armour
rPois    ∞         Spirit   .   o - +1 helmet
rElec    .         Reflect  .   (no cloak)
rCorr    .         Harm     .   (no gloves)
MR       .....                  s - +0 pair of boots
Stlth    ..........             t - amulet of faith
HPRegen  0.00/turn              g - ring of wizardry
MPRegen  0.13/turn              (no ring)

@: rotting
A: rotting body, claws 1, carnivore 3, cold resistance 1, negative energy
resistance 3, inhibited regeneration, torment resistance, unbreathing
a: Recall Undead Slaves, Injury Mirror, Animate Dead, Drain Life, Renounce
Religion


You were on level 7 of the Dungeon.
You worshipped Yredelemnul.
Yredelemnul was greatly pleased with you.
You were not hungry.

You visited 1 branch of the dungeon, and saw 7 of its levels.
You also visited: Sewer and Ossuary.

You collected 336 gold pieces.

Inventory:

Hand Weapons
 a - a +2 war axe
 i - a +0 quarterstaff
 y - the +4 Vampire's Tooth {vamp}
   (You found it on level 4 of the Dungeon)

   It inflicts no extra harm, but heals its wielder when it wounds a living foe.
 B - a +2 battleaxe of chopping (weapon)
Missiles
 d - 3 throwing nets (quivered)
Armour
 o - a +1 helmet (worn)
 s - a +0 pair of boots (worn)
 x - a +1 plate armour (worn)
Jewellery
 g - a ring of wizardry (left claw)
 t - an amulet of faith (around neck)
Wands
 c - a wand of acid (10/15)
 k - a wand of iceblast (5/15)
 l - a wand of flame (23/48)
 A - a wand of iceblast (15/15)
 E - a wand of random effects (28/48)
Scrolls
 b - 7 scrolls of teleportation
 e - a scroll of blinking
 p - 2 scrolls of remove curse
 w - a scroll of fog
 F - 3 scrolls of magic mapping
Potions
 j - 2 potions of might
 m - 3 potions of flight
 n - a potion of lignification {unknown}
 q - a potion of haste {unknown}
 r - a potion of degeneration {unknown}
 z - 2 potions of brilliance {unknown}
 C - a potion of berserk rage {unknown}
 D - 2 potions of ambrosia {unknown}
 G - 2 potions of cancellation {unknown}
Comestibles
 f - 3 meat rations
 h - 14 chunks of flesh
 u - a royal jelly


   Skills:
 + Level 5.3 Fighting
 + Level 7.9 Axes
 + Level 1.9 Throwing
 + Level 4.2 Armour
 + Level 3.7 Dodging
 - Level 0.8 Stealth
 * Level 5.6 Invocations


You had 8 spell levels left.
You didn't know any spells.

Dungeon Overview and Level Annotations

Branches:
Dungeon (7/15)             Temple (0/1) D:4

Altars:
Ashenzari
Cheibriados
Fedhas
Kikubaaqudgha
Qazlal
Ru
Vehumet
Xom
Yredelemnul

Shops:
D:5 =


Innate Abilities, Weirdness & Mutations

Your body is rotting away.
You thrive on raw meat.
You are immune to poison.
You have sharp fingernails.
You are carnivorous and can eat meat at any time.
Your flesh is cold resistant. (rC+)
You are immune to negative energy. (rN+++)
You do not regenerate when monsters are visible.
You are immune to unholy pain and torment.
You can survive without breathing.


Message History

The two-headed ogre is splashed with acid.
The acid corrodes the two-headed ogre!
The two-headed ogre is heavily wounded.
This wand has 10 charges left.
The two-headed ogre barely misses you.
The two-headed ogre hits you with a giant club!
You barely miss the two-headed ogre.
The two-headed ogre is heavily wounded.
The two-headed ogre hits you with a giant spiked club!
The two-headed ogre hits you with a giant club!!
You slash the two-headed ogre!
The two-headed ogre is severely wounded.
The two-headed ogre hits you with a giant spiked club!
* * * LOW HITPOINT WARNING * * *
The two-headed ogre hits you with a giant club!
* * * LOW HITPOINT WARNING * * *
Your plate armour prevents you from hitting the two-headed ogre.
The two-headed ogre is severely wounded.
The two-headed ogre hits you with a giant spiked club!!
You die...
Yredelemnul claims you as an undead slave.

,,,,,,**,*
*******#.# #.
,,,,,,**,*
*,,,,,,..# #.
*,>,,***,*
*,*****##* #.
*,*,** *,* *,* #.
*,*,* *,* *,* #.
,,,,****,* *,* #.
,,,,,,,,,###.#####
#.
,,,,,,,,,..?...O.#
#.
,,,,,,,,,,,,,**#@#
#. ,,,,**********
#.# #. ,,,,*
#.###############.
*****
#..<..............
##################


You could see a two-headed ogre.

Vanquished Creatures
  Sigmund (D:6)
  A sky beast (D:6)
  3 orc warriors (D:7)
  An ogre (D:7)
  2 phantoms (D:5)
  A centaur (D:7)
  2 big kobolds (Sewer)
  2 bullfrogs (D:6)
  A scorpion (D:5)
  2 vampire bats (D:4)
  A crimson imp (D:4)
  A hound (D:3)
  2 human zombies (Ossuary)
  3 orc priests
  A jelly (D:6)
  A gnoll shaman (D:3)
  4 orc wizards
  A bullfrog skeleton (D:5)
  2 centaur skeletons
  2 iguanas
  3 worker ants (D:4)
  A hound zombie (Ossuary)
  5 mummies
  9 adders
  6 gnolls
  A river rat (Sewer)
  5 oozes
  An adder skeleton (D:5)
  2 adder zombies (Ossuary)
  3 worms
  A dart slug (D:1)
  7 leopard geckos
  17 orcs
  5 ball pythons
  8 bats
  4 giant cockroaches
  7 goblins
  5 hobgoblins
  5 jackals
  2 quokkas
  2 frilled lizards (D:3)
  A gnoll zombie (Ossuary)
  A goblin zombie (Ossuary)
  10 kobolds
  A kobold zombie (Ossuary)
  A leopard gecko skeleton (D:4)
  2 orc zombies (Ossuary)
  A quokka skeleton (D:5)
  9 rats
  2 rat zombies (Ossuary)
161 creatures vanquished.

Notes
Turn   | Place    | Note
-------+----------+-------------------------------------------
     0 | D:1      | grizmgrazm2 the Ghoul Gladiator began the quest for the Orb.
     0 | D:1      | Reached XP level 1. HP: 17/17 MP: 0/0
    86 | D:1      | Reached XP level 2. HP: 23/24 MP: 1/1
   131 | D:1      | Reached skill level 3 in Axes
   746 | D:2      | Reached XP level 3. HP: 30/30 MP: 2/2
   775 | D:2      | Found a radiant altar of Vehumet.
   838 | D:2      | Found a shimmering altar of Xom.
   840 | D:2      | Found a burning altar of Makhleb.
   840 | D:2      | Found an iron altar of Okawaru.
   842 | D:2      | Found an opulent altar of Gozag.
   842 | D:2      | Found a glowing silver altar of Zin.
   842 | D:2      | Found a glowing golden altar of the Shining One.
  1050 | D:2      | Found a shattered altar of Ashenzari.
  1081 | D:2      | Reached XP level 4. HP: 33/37 MP: 3/3
  2074 | D:3      | Reached skill level 1 in Armour
  2087 | D:3      | Found a basalt altar of Yredelemnul.
  2096 | D:3      | Became a worshipper of Yredelemnul the Dark
  2237 | D:3      | Reached skill level 4 in Axes
  2319 | D:3      | Reached XP level 5. HP: 17/42 MP: 4/4
  3039 | D:3      | Reached skill level 1 in Invocations
  3050 | D:3      | Reached XP level 6. HP: 32/50 MP: 5/5
  3242 | D:4      | Found a staircase to the Ecumenical Temple.
  3271 | D:4      | Reached * piety under Yredelemnul
  3314 | D:4      | Found a glowing drain.
  3362 | Sewer    | Entered a sewer
  3430 | Sewer    | Reached skill level 5 in Axes
  3463 | Sewer    | Reached XP level 7. HP: 57/57 MP: 7/7
  3857 | D:4      | Reached ** piety under Yredelemnul
  4008 | D:4      | Found a sacrificial altar of Ru.
  4038 | D:4      | Found the +4 Vampire's Tooth {vamp}
  4234 | D:4      | Found an ancient bone altar of Kikubaaqudgha.
  4248 | D:5      | Entered Level 5 of the Dungeon
  4326 | D:5      | Found Joitzuas's Jewellery Boutique.
  4398 | D:5      | Reached skill level 6 in Axes
  4398 | D:5      | Reached XP level 8. HP: 54/66 MP: 9/9
  4644 | D:5      | Found a stormy altar of Qazlal.
  5126 | D:6      | Noticed Sigmund
  5143 | D:6      | Killed Sigmund
  5143 | D:6      | Reached *** piety under Yredelemnul
  5210 | D:6      | Found a sand-covered staircase.
  5216 | Ossuary  | Entered an ossuary
  5233 | Ossuary  | Reached skill level 7 in Axes
  5616 | D:6      | Reached XP level 9. HP: 73/73 MP: 11/11
  6088 | D:6      | Found a snail-covered altar of Cheibriados.
  6255 | D:7      | Found a blossoming altar of Fedhas.
  6257 | D:7      | Reached skill level 5 in Invocations
  6276 | D:7      | Reached **** piety under Yredelemnul
  6285 | D:7      | Reached skill level 5 in Fighting
  6524 | D:7      | Noticed a two-headed ogre
  6530 | D:7      | Mangled by a two-headed ogre

Vault maps used:
D:1:      giann_horns, minmay_cupped
D:2:      doesnt_xom_only_xom, evilmike_ruin_ashenzari,
          overflow_temple_1_default
D:3:      lemuel_coloured_pillars_altar
D:4:      lemuel_doored_altar, kennysheep_mini_moat, minmay_temple_entry_mist,
          portal_sewer_entry_f, minmay_guarded_unrand_vampires_tooth
D:5:      nicolae_qazlal_eye_of_the_storm, first_bread, serial_shops, shop
D:6:      slow_altar_2, lightli_ossuary_entry_decrepit_ruins, uniq_sigmund
D:7:      nicolae_overflow_hidden_temple, fedhas_altar_2
Sewer:    sewer_co_15_rooms
Ossuary:  ossuary_minmay_tomb_2a

Skill      XL: |  1  2  3  4  5  6  7  8  9 |
---------------+----------------------------+-----
Axes           | 3 4 5 6 7 |  7.9
Dodging        | 3 |  3.7
Armour         | 1 2 3 4 |  4.2
Invocations    | 1 2 3 4 5 |  5.6
Fighting       | 3 4 5 |  5.3
Throwing       | |  1.9
Stealth        | |  0.8

Action                   |  1- 3 |  4- 6 |  7- 9 || total
-------------------------+-------+-------+-------++-------
Melee: War axe           |    82 |   226 |   200 ||   508
       Battleaxe         |       |       |   101 ||   101
Throw: Throwing net      |       |     3 |     2 ||     5
Evoke: Wand              |       |       |     3 ||     3
  Use: Potion            |       |     2 |     8 ||    10
       Scroll            |       |       |    21 ||    21
 Stab: Held in net/web   |       |     3 |       ||     3
  Eat: Chunk             |     3 |    19 |    49 ||    71
Armor: Leather armour    |     3 |       |       ||     3
       Ring mail         |    37 |    13 |       ||    50
       Chain mail        |       |   175 |   213 ||   388
       Plate armour      |       |       |     9 ||     9
Dodge: Dodged            |    55 |   137 |   149 ||   341

Table legend:
 A = Spawn XP
 B = Non-spawn XP
 C = Spawn XP percentage of total XP
 D = Spawn monster count
 E = Non-spawn monster count
 F = Spawn count percentage of total count
 G = Total turns spent on level
                    A         B        C        D         E        F      G
               +---------+---------+-------+---------+---------+-------+---------
         Total |       0 |    3219 |   0.0 |       0 |     161 |   0.0 |  6530
               +---------+---------+-------+---------+---------+-------+---------
           D:1 |       0 |      30 |   0.0 |       0 |      13 |   0.0 |   710
           D:2 |       0 |      69 |   0.0 |       0 |      16 |   0.0 |  1001
           D:3 |       0 |     324 |   0.0 |       0 |      33 |   0.0 |  1551
           D:4 |       0 |     429 |   0.0 |       0 |      26 |   0.0 |   594
           D:5 |       0 |     449 |   0.0 |       0 |      12 |   0.0 |   856
           D:6 |       0 |     714 |   0.0 |       0 |      15 |   0.0 |   916
           D:7 |       0 |     732 |   0.0 |       0 |      13 |   0.0 |   287
         Sewer |       0 |     276 |   0.0 |       0 |      17 |   0.0 |   406
       Ossuary |       0 |     196 |   0.0 |       0 |      16 |   0.0 |   209
               +---------+---------+-------+---------+---------+-------+---------
